 Dungeon Crawl Stone Soup version 0.21.0-24-g2553a33 (webtiles) character file.

1020 pstr the Digger (level 8, -1/64 HPs)
             Began as a Naga Earth Elementalist on Jan 21, 2018.
             Killed from afar by tilp's ghost (31 damage)
             ... with an orb of energy
             ... on level 5 of the Dungeon.
             The game lasted 00:17:45 (6212 turns).

pstr the Digger (Naga Earth Elementalist)           Turns: 6212, Time: 00:17:45

Health: -1/64      AC:  6    Str: 10    XL:     8   Next: 22%
Magic:  3/15       EV: 10    Int: 18    God:
Gold:   146        SH:  0    Dex: 12    Spells: 13/17 levels left

rFire    . . .     SeeInvis +   x - +4 quarterstaff (chaos)
rCold    . . .     Gourm    .   (shield currently unavailable)
rNeg     . . .     Faith    .   c - +0 robe
rPois    +         Spirit   .   G - +1 helmet
rElec    .         Reflect  .   A - +0 cloak
rCorr    .         Harm     +   (no gloves)
MR       +....                  (no barding)
Stlth    ++........             y - amulet of harm
HPRegen  0.20/turn              u - ring of wizardry
MPRegen  0.14/turn              n - ring of loudness (curse)

@: very slow
A: large, see invisible, deformed body, poison resistance, slowness 2, slow
metabolism 1, spit poison 1, AC +2
a: Spit Poison


You were on level 5 of the Dungeon.
You were hungry.

You visited 1 branch of the dungeon, and saw 5 of its levels.

You collected 146 gold pieces.

Inventory:

Hand Weapons
 m - a +0 dagger
 x - a +4 quarterstaff of chaos (weapon)
Missiles
 l - 101 arrows
 D - 25 stones (quivered)
Armour
 c - a +0 robe (worn)
 g - a +0 leather armour
 w - a +2 hat
 A - a +0 cloak (worn)
 G - a +1 helmet (worn)
Jewellery
 n - a cursed ring of loudness (right hand)
 u - a ring of wizardry (left hand)
 y - an amulet of harm (around neck)
Wands
 j - a wand of enslavement (11)
 E - a wand of polymorph (7)
Scrolls
 a - a scroll of amnesia {unknown}
 b - a scroll of noise {unknown}
 f - 2 scrolls of magic mapping {unknown}
 h - a scroll of enchant weapon {unknown}
 i - a scroll of random uselessness {unknown}
 k - 3 scrolls of identify {unknown}
 o - 2 scrolls of teleportation {unknown}
 r - 5 scrolls of remove curse {unknown}
Potions
 p - 2 potions of degeneration {unknown}
 q - 3 potions of mutation {unknown}
 s - 2 potions of brilliance {unknown}
 t - 3 potions of invisibility {unknown}
 v - a potion of lignification {unknown}
 z - a potion of haste {unknown}
 B - 2 potions of heal wounds {unknown}
 C - a potion of curing {unknown}
 F - a potion of might {unknown}
Books
 e - a book of Geomancy

   Spells                             Type                      Level
   a - Sandblast                      Earth                        1
   b - Passwall                       Transmutation/Earth          2
   c - Stone Arrow                    Conjuration/Earth            3
   d - Petrify                        Transmutation/Earth          4
   e - Lee's Rapid Deconstruction     Earth                        5
Comestibles
 d - 9 rations


   Skills:
 + Level 1.1 Fighting
 + Level 1.4 Staves
 + Level 2.6 Dodging
 + Level 4.7 Stealth
 + Level 5.1 Spellcasting
 + Level 2.8 Conjurations
   Level 1.0 Transmutations
 + Level 6.2 Earth Magic


You had 13 spell levels left.
You knew the following spells:

 Your Spells              Type           Power        Failure   Level  Hunger
a - Sandblast             Erth           ####..       1%          1    None
b - Stone Arrow           Conj/Erth      ###...       2%          3    ##.....


Dungeon Overview and Level Annotations

Branches:
Dungeon (5/15)
 Temple: D:4-7

Altars:

Annotations:
D:5 tilp's ghost, novice DrCj


Innate Abilities, Weirdness & Mutations

You cannot wear boots.
Your serpentine skin is tough. (AC +2)
You have supernaturally acute eyesight. (SInv)
Armour fits poorly on your strangely shaped body.
Your system is resistant to poisons. (rPois)
You cover ground very slowly.
You have a slow metabolism.
You can spit poison.


Message History

The stone arrow hits tilp's ghost.
Tilp's ghost is moderately damaged.
You are feeling hungry.
Casting: Stone Arrow
Confirm with . or Enter, or press ? or * to list all spells.
Aiming: Sandblast
Press: ? - help, Shift-Dir - straight line, f/p - tilp's ghost
Aim: tilp's ghost (moderately damaged)
The blast of sand hits tilp's ghost.
Tilp's ghost is heavily damaged.
D - 25 stones Tilp's ghost gestures at you while chanting.
The orb of energy hits you!
Ouch! That really hurt!
The orb of energy explodes!
You sock tilp's ghost! You burn tilp's ghost.
Tilp's ghost is almost destroyed.
Tilp's ghost casts a spell at you. The orb of energy hits you!
You die...

#......# #......#
#......# #......#
#......###+#.
#......)....#
###...........#
+..@W..........
...##.............
#............#
#......<.....#
#............#
.....##+#.....#
...... +.....#
....... #.....#
...[... #.....#


You could see tilp's ghost.

Vanquished Creatures
  Grinder (D:4)
  A phantom (D:4)
  A scorpion (D:4)
  2 crimson imps
  2 bullfrog skeletons (D:4)
  Crazy Yiuf (D:3)
  A jelly (D:4)
  2 orc priests (D:4)
  Jessica (D:2)
  An iguana (D:4)
  2 worker ants
  Natasha (thrice) (D:4)
  A hound skeleton (D:4)
  Robin (D:4)
  10 adders
  5 worms
  7 dart slugs
  4 leopard geckos
  12 orcs
  7 bats
  2 giant cockroaches
  17 goblins
  11 hobgoblins
  7 jackals
  3 quokkas
  2 ball pythons
  3 frilled lizards
  8 kobolds
  10 rats
128 creatures vanquished.

Notes
Turn   | Place    | Note
-------+----------+-------------------------------------------
     0 | D:1      | pstr the Naga Earth Elementalist began the quest for the Orb.
     0 | D:1      | Reached XP level 1. HP: 15/15 MP: 3/3
   132 | D:1      | Reached XP level 2. HP: 22/22 MP: 3/5
   452 | D:1      | Reached XP level 3. HP: 28/28 MP: 3/6
   457 | D:1      | Learned a level 3 spell: Stone Arrow
   987 | D:2      | Noticed Jessica
   990 | D:2      | Killed Jessica
   990 | D:2      | Reached skill level 4 in Earth Magic
   990 | D:2      | Reached XP level 4. HP: 35/36 MP: 0/7
  1981 | D:2      | Reached XP level 5. HP: 42/42 MP: 5/9
  2650 | D:3      | Reached skill level 1 in Conjurations
  3503 | D:3      | Found a runed door.
  3608 | D:3      | Noticed Crazy Yiuf
  3611 | D:3      | Killed Crazy Yiuf
  3611 | D:3      | Reached XP level 6. HP: 50/50 MP: 1/11
  3891 | D:4      | Reached skill level 5 in Earth Magic
  4155 | D:4      | Noticed Grinder
  4175 | D:4      | Killed Grinder
  4175 | D:4      | Reached XP level 7. HP: 41/56 MP: 0/13
  4633 | D:4      | Reached skill level 1 in Fighting
  4946 | D:4      | Noticed Natasha
  4949 | D:4      | Killed Natasha
  4949 | D:4      | Reached skill level 1 in Staves
  5297 | D:4      | Noticed Natasha
  5299 | D:4      | Killed Natasha
  5305 | D:4      | Noticed Natasha
  5315 | D:4      | Killed Natasha
  5547 | D:4      | Reached skill level 6 in Earth Magic
  5547 | D:4      | Reached XP level 8. HP: 61/64 MP: 2/15
  5658 | D:4      | Noticed Robin
  5678 | D:3      | Reached skill level 5 in Spellcasting
  5883 | D:4      | Killed Robin
  6186 | D:5      | Entered Level 5 of the Dungeon
  6207 | D:5      | Noticed tilp's ghost (novice DrCj)
  6212 | D:5      | Killed from afar by tilp's ghost

Skill      XL: |  1  2  3  4  5  6  7  8 |
---------------+-------------------------+-----
Stealth        | 4 |  4.7
Earth Magic    | 4 5 6 |  6.2
Spellcasting   | 3 4 5 |  5.1
Conjurations   | 1 2 |  2.8
Dodging        | 2 |  2.6
Fighting       | 1 |  1.1
Staves         | 1 |  1.4
Transmutations | |  1.0

Action                   |  1- 3 |  4- 6 |  7- 9 || total
-------------------------+-------+-------+-------++-------
Melee: Quarterstaff      |       |     3 |     8 ||    11
 Cast: Sandblast         |    29 |    32 |     7 ||    68
       Stone Arrow       |     8 |    70 |    55 ||   133
 Abil: Spit Poison       |     5 |    14 |     8 ||    27
  Eat: Chunk             |     1 |    16 |     8 ||    25
Armor: Robe              |     1 |    24 |    12 ||    37
Dodge: Dodged            |     8 |    38 |    21 ||    67
